 Dungeon Crawl Stone Soup version 0.31.0-11-ge490571c62 (webtiles) character file.

Game seed: 4562678965366750191

156 qw the Shooter (level 5, -1/26 HPs)
             Began as a Spriggan Hunter on Feb 4, 2024.
             Slain by an orc wizard
             ... wielding a +2 dagger of venom
              (6 damage)
             ... on level 4 of the Dungeon.
             The game lasted 00:00:04 (1295 turns).

qw the Shooter (Spriggan Hunter)                    Turns: 1295, Time: 00:00:05

Health: -1/26      AC:  2    Str:  7    XL:     5   Next: 15%
Magic:  6/6        EV: 20    Int: 11    God:
Gold:   91         SH:  0    Dex: 20    Spells: 4/4 levels left

rFire   . . .        a - +0 shortbow
rCold   . . .        (shield currently unavailable)
rNeg    . . .        c - +0 robe
rPois   .            (helmet restricted)
rElec   .            (no cloak)
rCorr   .            (gloves unavailable)
SInv    +            (boots unavailable)
Will    .....        (no amulet)
Stlth   ++           (no ring)
HPRegen 0.24/turn    (no ring)
MPRegen 0.10/turn

%: no passive effects
@: very quick
A: very small, no large weapons, unfitting armour, see invisible, speed 3
a: no special abilities


You were on level 4 of the Dungeon.
You visited 1 branch of the dungeon, and saw 3 of its levels.

You collected 91 gold pieces.


Innate Abilities, Weirdness & Mutations

You are very small and have problems with some larger weapons.
You are too small for most types of armour.
You have supernaturally acute eyesight. (SInv)
You cover ground extremely quickly. (Speed+++)


   Skills:
 - Level 2.2 Fighting
 + Level 5.1 Ranged Weapons
 - Level 5.1 Dodging
 - Level 1.5 Stealth


You had 4 spell levels left.
You didn't know any spells.
Your spell library was empty.

Inventory:

Hand Weapons
 a - a +0 shortbow (weapon)
Armour
 c - a +0 robe (worn)
Jewellery
 i - an amulet of magic regeneration
Scrolls
 b - a scroll of fog {unknown}
 h - a scroll of torment {unknown}
 j - a scroll of immolation {unknown}
Potions
 d - a potion of enlightenment {unknown}
 e - a potion of invisibility {unknown}
 f - a potion of haste {unknown}
 g - a potion of lignification {unknown}

Dungeon Overview and Level Annotations

Branches:
Dungeon (4/15)
 Temple: D:4-7

Altars:


Message History

Enter note:
1284 ||| RETREEEEATING.
You shoot an arrow. The arrow barely misses the orc.
Enter note:
1286 ||| RETREEEEATING.
Found a viscous red potion.
Enter note:
1287 ||| RETREEEEATING.
The orc wizard mumbles some strange words.
The orc wizard flickers and vanishes for a moment.
You hear a shout!
You shoot an arrow. The arrow hits the orc.
You kill the orc!
You shoot an arrow.
The arrow closely misses the orc priest.
You shoot an arrow. The arrow barely misses the orc priest.
The arrow hits the adder!
The adder is severely wounded.
You shoot an arrow. The arrow hits the orc priest!
The orc priest is almost dead.
The orc priest begins to cast a cantrip, but forgets the words!
You shoot an arrow. The arrow barely misses the orc priest.
The adder completely misses you.
The orc priest hits you with a +0 short sword.
The adder closely misses you. The orc priest closely misses you.
You shoot an arrow.
The arrow hits the orc priest but does no damage.
The orc priest is almost dead.
The adder barely misses you.
The orc priest calls down the wrath of Beogh upon you.
Beogh smites you!
You shoot an arrow. The arrow hits the orc priest.
You kill the orc priest!
The adder barely misses you. The adder closely misses you.
Your Fighting skill increases to level 2!
You have reached level 5!
You feel clever.
You shoot an arrow. The arrow hits the adder!
You kill the adder!
The orc closely misses you.
The orc wizard hits you with a +2 dagger of venom.
You die...

........#.....%.# ......
........####...## ......
..........#.....###......
...........##...#.......
...#...###.##.......#
...###..#.........### ..
##....######.## .#..#
##).# ..##.. #@o.# ..
....###o%.### ..
.#..........#
#.......)..# ..........##
.......>... ............
.............
!.......o.....


You could see an orc wizard (invisible) and an orc.

Vanquished Creatures
  A howler monkey (D:4)
  A jelly (D:4)
  An orc priest (D:4)
  An adder (D:4)
  A white imp (D:4)
  A ribbon worm (D:4)
  An orc (D:4)
  4 endoplasms
  5 giant cockroaches
  3 hobgoblins
  3 jackals (D:1)
  7 kobolds
  2 quokkas
  3 ball pythons
  2 bats (D:1)
  5 frilled lizards
  5 goblins
  A rat (D:1)
47 creatures vanquished.

Notes
Turn   | Place    | Note
-------+----------+-------------------------------------------
     0 | D:1      | qw the Spriggan Hunter began the quest for the Orb.
     0 | D:1      | Reached XP level 1. HP: 10/10 MP: 2/2
     0 | D:1      | 0 ||| qw: Version: 0.3-a-160-g6735b56
     0 | D:1      | 0 ||| qw: Game counter: 5400
     0 | D:1      | 0 ||| qw: Melee chars always use a shield: true
     0 | D:1      | 0 ||| qw: God list: Okawaru
     0 | D:1      | 0 ||| qw: Allow faded altars: false
     0 | D:1      | 0 ||| qw: Do Orc after clearing Dungeon:15 true
     0 | D:1      | 0 ||| qw: Do second Lair branch before Depths: true
     0 | D:1      | 0 ||| qw: Lair rune preference: random
     0 | D:1      | 0 ||| qw: Goals: Normal
     0 | D:1      | 0 ||| PLANNING D:1-11
    31 | D:1      | Reached skill level 3 in Dodging
    81 | D:1      | HP: 2/10 [frozen (2)]
    83 | D:1      | Reached XP level 2. HP: 4/14 MP: 3/3
   745 | D:1      | Reached XP level 3. HP: 18/18 MP: 4/4
   790 | D:1      | 790 ||| READING scroll labelled ERYSUYTEURGH.
   891 | D:1      | 891 ||| READING scroll labelled EJURHE CISUSA.
   892 | D:1      | 892 ||| READING scroll labelled SAILIB AMIO.
   892 | D:1      | 892 ||| ENCHANTING +0 shortbow.
   893 | D:1      | 893 ||| DROPPING scroll of butterflies.
  1097 | D:2      | You fall into a shaft and drop 2 floors!
  1114 | D:4      | Reached XP level 4. HP: 22/22 MP: 5/5
  1284 | D:4      | 1284 ||| RETREEEEATING.
  1286 | D:4      | 1286 ||| RETREEEEATING.
  1287 | D:4      | 1287 ||| RETREEEEATING.
  1293 | D:4      | HP: 4/23 [orc priest/divine providence (9)]
  1295 | D:4      | Reached XP level 5. HP: 5/26 MP: 6/6
  1295 | D:4      | Slain by an orc wizard

Levels and vault maps discovered:
D:1:      dpeg_arrival_court, layout_basic
D:2:      layout_rooms, serial_shops, shop, uniq_natasha
D:4:      layout_cave_pools, riverfiend_overflow_shadow_ancestor,
          old_standard_altar, ashenzari_conservatory_becter,
          nicolae_wu_jian_wuxing_cycle, minmay_fractal_squares_diagonal_5

Skill      XL: |  1  2  3  4 |
---------------+-------------+-----
Dodging        | 3 4 5 |  5.1
Ranged Weapons | 5 |  5.1
Fighting       | 2 |  2.2
Stealth        | |  1.5

Action                     |  1- 3 |  4- 6 || total
---------------------------+-------+-------++-------
   Fire: Shortbow          |    87 |    59 ||   146
    Use: Scroll            |     3 |       ||     3
 Armour: Robe              |    12 |     7 ||    19
  Dodge: Dodged            |    29 |    27 ||    56

Table legend:
 A = Non-vault XP
 B = Vault XP
 C = Vault XP percentage of total XP
 D = Non-vault monster count
 E = Vault monster count
 F = Vault count percentage of total count
                 A         B        C        D         E       F
            +---------+---------+-------+---------+---------+-------
      Total |     238 |       0 |   0.0 |      47 |       0 |   0.0
            +---------+---------+-------+---------+---------+-------
        D:1 |      41 |       0 |   0.0 |      25 |       0 |   0.0
        D:2 |      15 |       0 |   0.0 |       9 |       0 |   0.0
        D:4 |     182 |       0 |   0.0 |      13 |       0 |   0.0
            +---------+---------+-------+---------+---------+-------
